Unix NetHack Version 3.7.0-97 Work-in-progress - last build Feb 8 2024 15:05:57 (6d6cdf8371b60126770a3d7b88910941cb14a054,branch:master). Game began 2024-02-17 16:20:54, ended 2024-02-18 13:15:51. spontiff, neutral male gnomish Healer ---- ---- ---- ---- ----------- --.@-- -----..--- |))| |..| --.........--|..N.---- -----|........------ |).| -#..| --.......--..|--*E....---- --- --...||.------......| --..| --.--- ----|...--.|..|..-----.......| ---.---....--.| ------.| |...| ---..| |..-|.-------..........k|....| ---.............| |.| |.|.| |....-- |...|.| --..-..-------...| |...............-- |.-----|.|.| |.....| ---...| |*^...--- ---...| |.....###--......| |......|(|.| |.|..-- |..--- --..)...|--.(..-- ---.-#-#####.....------- ------...|.|--.|--- |....-- ----.)....||.....| ---.##-##.#........||..| |..-|.|...-- --)...----........--|.....---|...|##.....)......--..-- |-.||.|.|..| ----.............| |.......||.---|..................---- |..||...|-.| ---..........-- |.......|-.| --.--........(........| |..||..--|.-- |..........-- |...---.|..| ---|.*...............-- ----|..| |..-- --...........------- |....| ---......).........------ |..| |.-.| --.......---.^.| ---..| |...............<.--..| |..| |...--- ---........| |..-- |..| ---.....--............| |..| --....| |...|.---..------ |..| --....-----..........| |..| --...| |..---- --..| ---- |....-- |.........-- |..| |..-- ---- |..| --.--- ---..|.---- ---- ---- ---- --- ------ Spontiff the Rhizotomist St:11 Dx:10 Co:18 In:9 Wi:14 Ch:18 Neutral S:550 Dlvl:10 $:77 HP:0(64) Pw:9(9) AC:3 Xp:1/0 T:27397 Fainted Deaf Latest messages: The red naga is mildly warmed. What do you want to use or apply? [cekoswxzNOS-UWX or ?*] z In what direction? l The leash would just fall off. What do you want to use or apply? [cekoswxzNOS-UWX or ?*] o You produce a high whistling sound. The fire elemental misses the red naga. The red naga breathes fire! The blast of fire hits you! Your gloves smoulder further! The blast of fire bounces! #fuck off already: unknown extended command. You are too hungry to cast that spell. You hear some noises. You hear some noises in the distance. What do you want to use or apply? [cekoswxzNOS-UWX or ?*] o You produce a high whistling sound. You faint from lack of food. The red naga bites! The fire elemental hits the red naga. The red naga is on fire! The fire doesn't seem to burn the red naga! The red naga bites! The fire elemental hits the red naga. The red naga is on fire! The fire doesn't seem to burn the red naga! The red naga bites! The fire elemental hits the red naga. The red naga is on fire! The fire doesn't seem to burn the red naga! The red naga bites the fire elemental. The red naga bites! The fire elemental hits the red naga. The red naga is on fire! The fire doesn't seem to burn the red naga! The red naga misses the fire elemental. The red naga is mildly warmed. The red naga is mildly warmed. The red naga bites! The fire elemental hits the red naga. The red naga is on fire! The fire doesn't seem to burn the red naga! The red naga misses the fire elemental. The red naga is mildly warmed. The red naga bites! The fire elemental misses the red naga. The red naga bites! You die... Do you want your possessions identified? [ynq] (y) y Do you want to see the dungeon overview? [ynq] (y) y Inventory: Coins $ - 77 gold pieces Armor h - a blessed +0 dwarvish iron helm (being worn) g - an uncursed very burnt +1 pair of leather gloves (being worn) v - an uncursed burnt +0 pair of high boots (being worn) r - an uncursed burnt +0 small shield (being worn) q - an uncursed +0 cloak of magic resistance (being worn) Q - an uncursed +0 mummy wrapping d - an uncursed +0 leather armor (being worn) Comestibles y - an uncursed apple n - 3 uncursed food rations p - 2 uncursed tripe rations Scrolls I - an uncursed scroll of identify L - a cursed scroll of teleportation Potions G - an uncursed potion of object detection Rings R - an uncursed ring of searching (on right hand) Wands O - an uncursed wand of make invisible (0:3) S - a cursed wand of sleep (0:1) N - an uncursed wand of striking (0:7) T - an uncursed wand of teleportation (0:1) U - an uncursed wand of undead turning (0:7) Tools W - a cursed frost horn (0:6) x - an uncursed brass lantern z - an uncursed leash w - an uncursed mirror X - an uncursed oil lamp e - an uncursed +0 pick-axe k - a cursed skeleton key named Po SITy s - an uncursed stethoscope o - an uncursed tin whistle c - a blessed +0 unicorn horn Gems/Stones E - 2 uncursed black opals Spontiff the Healer's attributes: Background: You were a Rhizotomist, a level 1 male gnomish Healer. You were neutral, on a mission for Hermes who was opposed by Athena (lawful) and Poseidon (chaotic). You were left-handed. You were in the Gnomish Mines, on level 10. You entered the dungeon 27397 turns ago. You had 0 experience points, 20 were needed to attain level 2. Your score was 550 before end-of-game adjustments. Basics: You had 0 out of 64 hit points. You had all 9 energy points (spell power). Your armor class was 3. Your wallet contained 77 zorkmids. Autopickup was on for '$!/="?' plus thrown, with exceptions. Final Characteristics: Your strength was 11 (base:12, limit:18/50). Your dexterity was 10 (limit:18). Your constitution was 18 (limit:18). Your intelligence was 9 (limit:19). Your wisdom was 14 (peak:15, limit:18). Your charisma was 18 (limit:18). Final Status: You were deaf. You were fainted due to starvation. You were unencumbered. You were empty handed. You were unskilled in bare handed combat. Final Attributes: You were piously aligned. You were magic-protected. You were poison resistant. You saw invisible. You were telepathic. You had automatic searching. You had infravision. You aggravated monsters. You were warded. You are dead. Miscellaneous: You encountered 1 bones level. Total elapsed playing time was 6 hours, 33 minutes and 43 seconds. Major events: Turn 1: spontiff the neutral male gnomish Healer entered the dungeon 1690: entered the Gnomish Mines 3392: reached Mine Town 19237: entered the Bigroom 23023: entered Sokoban 23564: completed 1st Sokoban level 24211: completed 2nd Sokoban level 25650: completed 3rd Sokoban level 27397: killed by a red naga, while fainted from lack of food Vanquished creatures: a skeleton a watch captain 2 ghosts 3 small mimics a large dog 4 watchmen a quivering blob 8 wolves an iron piercer a werewolf a housecat 3 jaguars a dwarf leader 2 blue jellies a white unicorn a plains centaur a human zombie a rope golem a soldier ant a bugbear 3 imps 2 water nymphs 2 mountain nymphs a rock piercer 4 rock moles 5 ponies 5 fog clouds a yellow light 5 shriekers a violet fungus 6 gnome leaders 3 kobold mummies 7 gray oozes an elf zombie 4 straw golems 3 paper golems 11 giant ants 4 little dogs 6 floating eyes 6 kittens 18 dwarves 9 homunculi 6 kobold leaders a kobold shaman 5 hill orcs 13 rothes a rabid rat 6 giant bats a monkey 9 orc zombies 8 dwarf zombies 6 wererats 5 werejackals 21 iguanas 7 acid blobs 12 coyotes 2 gas spores 15 hobbits 9 manes 6 large kobolds 8 hobgoblins 25 giant rats 12 cave spiders 3 brown molds 10 yellow molds 6 green molds 6 red molds 17 gnomes 12 garter snakes 8 gnome zombies 23 geckos 52 jackals 10 foxes 8 kobolds 13 goblins 15 sewer rats 26 grid bugs 9 bats 27 lichens 7 kobold zombies 26 newts 599 creatures vanquished. No species were genocided or became extinct. Voluntary challenges: You never hit with a wielded weapon. You were a pacifist. You read items or engraved 10 times. You never engraved Elbereth. You never genocided any monsters. You never polymorphed an object. You used no wishes. You did not violate any of the special Sokoban rules. Achievements: You entered a shop. You entered the Gnomish Mines. You entered Minetown. You entered a temple. You entered the Big Room. You entered Sokoban. The Dungeons of Doom: levels 1 to 12 Level 1: Level 2: Level 3: A potion shop. Stairs down to The Gnomish Mines. Level 4: Level 5: "Stash" A general store, an altar to Hermes. Level 6: Level 7: A grave. Level 8: "Polytrap; shocked lop" A delicatessen. Level 9: Oracle of Delphi. Level 10: A very big room. Stairs up to Sokoban, level 9. Level 11: Level 12: A grave. The Gnomish Mines: levels 4 to 11 Level 4: "magic trap" Level 5: "magic traps" Level 6: Level 7: Some shops, a temple and an altar to Hermes, a grave. Final resting place for jww-Wiz-Gno-Fem-Neu, killed by a giant bat. Level 8: "magic trap; polytrap" Level 9: Level 10: "Polytrap" <- You were here. Final resting place for you, killed by a red naga, while fainted from lack of food. Level 11: "Catacombs" Sokoban: levels 9 up to 6 Level 6: Unsolved. Level 7: Solved. Level 8: Solved. Level 9: Solved. Game over: ---------- / \ / REST \ / IN \ / PEACE \ / \ | spontiff | | 77 Au | | killed by a red | | naga | | | | | | 2024 | *| * * * | * _________)/\\_//(\/(/\)/\//\/|_)_______ Goodbye spontiff the Healer... You died in The Gnomish Mines on dungeon level 10 with 550 points, and 77 pieces of gold, after 27397 moves. You were level 1 with a maximum of 64 hit points when you died.